 Dungeon Crawl Stone Soup version 0.25.0 (webtiles) character file.

Game seed: 15658622208277041298

64 mortelune the Gusty (level 4, -10/24 HPs)
             Began as a Tengu Air Elementalist on June 12, 2020.
             Mangled by a gnoll
             ... wielding a +0 flail
              (16 damage)
             ... on level 2 of the Dungeon.
             The game lasted 00:03:01 (2290 turns).

mortelune the Gusty (Tengu Air Elementalist)        Turns: 2290, Time: 00:03:01

Health: -10/24     AC:  3    Str:  8    XL:     4   Next: 12%
Magic:  3/8        EV: 13    Int: 17    God:
Gold:   111        SH:  0    Dex: 14    Spells: 6/7 levels left

rFire    . . .     SeeInvis .   (no weapon)
rCold    . . .     Gourm    .   (no shield)
rNeg     . . .     Faith    +   a - +0 robe
rPois    .         Spirit   .   (helmet restricted)
rElec    .         Reflect  .   d - +0 cloak
rCorr    .         Harm     .   (no gloves)
MR       .....                  (boots unavailable)
Stlth    ++........             b - amulet of faith
HPRegen  0.08/turn              (no ring)
MPRegen  0.11/turn              (no ring)

@: no status effects
A: beak, talons 3
a: no special abilities


You were on level 2 of the Dungeon.
You were not hungry.

You visited 1 branch of the dungeon, and saw 2 of its levels.

You collected 111 gold pieces.

Inventory:

Hand Weapons
 n - a +0 antimagic spear
Armour
 a - a +0 robe (worn)
 d - a +0 cloak (worn)
Jewellery
 b - an amulet of faith (around neck)
Scrolls
 e - 4 scrolls of identify {unknown}
 g - a scroll of amnesia {unknown}
 h - a scroll of random uselessness {unknown}
 j - a scroll of teleportation {unknown}
 m - a scroll of enchant weapon {unknown}
Potions
 f - a potion of invisibility {unknown}
 i - a potion of brilliance {unknown}
 k - a potion of cancellation {unknown}
Comestibles
 c - 3 rations
 l - 10 chunks of flesh


   Skills:
 + Level 2.7 Dodging
 - Level 2.0 Stealth
 + Level 2.3 Spellcasting
 * Level 3.1 Conjurations
 * Level 4.9 Air Magic


You had 6 spell levels left.
You knew the following spells:

 Your Spells              Type           Power        Failure   Level  Hunger
a - Shock                 Conj/Air       ###.         3%          1    #......

Your spell library contained the following spells:

 Spells                   Type           Power        Failure   Level  Hunger
 Swiftness                Chrm/Air       ##......     11%         2    ##.....
 Static Discharge         Conj/Air       ###.....     11%         3    ###....
 Airstrike                Air            ###.......   24%         4    #####..
 Lightning Bolt           Conj/Air       ###.......   69%         5    ######.


Dungeon Overview and Level Annotations

Branches:
Dungeon (2/15)

Altars:


Innate Abilities, Weirdness & Mutations

You have a beak for a mouth.
You have claws for feet.


Message History

Aim: a gnoll, wielding a +0 flail (severely wounded)
The zap hits the gnoll.
The gnoll is almost dead.
The zap hits the gnoll.
You kill the gnoll!
You have reached level 4!
You feel clever. The gnoll hits you with a +0 flail!
Ouch! That really hurt!
* * * LOW HITPOINT WARNING * * *
Casting: Shock (safe; 3% risk of failure)
Confirm with . or Enter, or press ? or * to list all spells.
Aiming: Shock (safe; 3% risk of failure)
Press: ? - help, Shift-Dir - straight line, p - gnoll The zap misses the gnoll.
The zap hits the gnoll but does no damage.
The gnoll is almost dead.
The gnoll hits you with a +0 flail!
Ouch! That really hurt!
You die...

#.....# #......#
#.....# #......#
#.....# #....).#
#.....# #......#
###.....# #......#
........# #......#
........####......#
....##.#....########
....##.#....###.@..#
....##...(....#g##.#
########....#.#.# #
.......#....#.#.#
............#.#.#
.......#....#.#.#
.......#....#.#.#
........)...#.#.#
.###.....####.#.#


You could see a gnoll.

Vanquished Creatures
  3 gnolls (D:2)
  2 leopard geckos (D:1)
  4 bats
  A giant cockroach (D:1)
  3 goblins
  8 hobgoblins
  A quokka (D:2)
  3 frilled lizards
  3 kobolds (D:1)
  4 rats
32 creatures vanquished.

Notes
Turn   | Place    | Note
-------+----------+-------------------------------------------
     0 | D:1      | mortelune the Tengu Air Elementalist began the quest for
                  | the Orb.
     0 | D:1      | Reached XP level 1. HP: 10/10 MP: 4/4
   705 | D:1      | Reached XP level 2. HP: 15/15 MP: 4/6
  1721 | D:1      | Reached XP level 3. HP: 19/19 MP: 5/7
  2271 | D:2      | Reached XP level 4. HP: 16/24 MP: 2/8
  2290 | D:2      | Mangled by a gnoll

Illustrated notes

Levels and vault maps discovered:
D:1:      onia_arrival_pentagram, layout_basic, hangedman_decor_growths,
          minmay_3d_cube
D:2:      layout_basic, minmay_pentomino_pile, uniq_sigmund

Skill      XL: |  1  2  3 |
---------------+----------+-----
Conjurations   | 2 3 |  3.1
Dodging        | |  2.7
Stealth        | |  2.0
Spellcasting   | |  2.3
Air Magic      | |  4.9

Action                   |  1- 3 |  4- 6 || total
-------------------------+-------+-------++-------
 Cast: Shock             |    69 |     2 ||    71
  Eat: Chunk             |     5 |       ||     5
Armor: Robe              |     8 |       ||     8
Dodge: Dodged            |    12 |       ||    12
